AoeStats
← Buhr

Nomad

509930912Analyzed
4v4 RM · 5d ago on Sep 28, 2026· 41m 8s· 8 players
Game mode
Random Map
Map size
231×231
Population
200
Speed
Normal
Resources
Standard
Victory
Conquest
Starting age
Dark Age
Ending age
Imperial Age
RankedLock teamsTeams togetherTeam positionsShared explorationLock speedFull tech treeHidden civsTurbo modeCheats
Victory
Defeat
🇦🇷 Mongols · Argentina
1614
+11
🇺🇸 Malians · United States
1606
+11
🇺🇸 Khmer · United States
1567
+13
🇨🇱 Spanish · Chile
1555
+13
1524
-13
🇨🇳 Mongols · China
1507
-12
🇨🇳 Mongols · China
1501
-12
🇨🇦 Varangians · Canada
1475
-11
Buhr
5:37 Loom
15:24 Feudal Age
16:08 Town Watch
19:16 Castle Age
17:26 Double-Bit Axe
23:29 Fletching
25:52 Horse Collar
32:55 Wheelbarrow
38:09 Imperial Age
36:20 Scale Barding Armor
37:00 Husbandry
38:04 Gold Mining
38:25 Bow Saw
40:33 Elite Ballista Elephant
letmebelieve
4:23 Loom
12:42 Feudal Age
17:30 Castle Age
18:24 Double-Bit Axe
25:46 Padded Archer Armor
34:12 Bow Saw
34:59 Wheelbarrow
35:55 Gold Mining
35:56 Stone Mining
36:24 Hand Cart
40:46 Imperial Age
38:32 Horse Collar
40:08 Scale Barding Armor
40:27 Husbandry
40:38 Bloodlines
41:41 Chain Barding Armor
40:50 Cavalier
EL_REY_TUT
5:14 Loom
12:21 Feudal Age
16:09 Castle Age
15:40 Double-Bit Axe
15:52 Fletching
25:08 Bodkin Arrow
28:09 Ballistics
29:18 Horse Collar
35:05 Wheelbarrow
35:25 Fishing Lines
39:50 Imperial Age
37:49 Stone Mining
37:50 Gold Mining
39:02 Padded Archer Armor
40:40 Bracer
40:45 Elite Mangudai
41:49 Masonry
Benedict Cucumberpatch
13:48 Feudal Age
17:33 Castle Age
15:44 Double-Bit Axe
16:18 Fletching
17:35 Crossbowman
18:11 Bodkin Arrow
19:15 Ballistics
22:42 Padded Archer Armor
26:17 Wheelbarrow
25:28 Loom
29:39 Horse Collar
30:15 Bow Saw
32:38 Heavy Plow
32:29 Gold Mining
36:27 Scale Mail Armor
36:37 Forging
36:28 Squires
39:10 Imperial Age
37:13 Hand Cart
37:31 Thumb Ring
39:35 Gold Shaft Mining
39:27 Leather Archer Armor
39:12 Arbalester
40:55 Chemistry
40:18 Conscription
41:42 Scale Barding Armor
42:07 Ring Archer Armor
42:13 Iron Casting
Mr.stealyoBoar
3:36 Loom
14:13 Feudal Age
17:53 Castle Age
16:09 Double-Bit Axe
19:59 Forging
20:07 Horse Collar
20:39 Bow Saw
22:31 Scale Barding Armor
25:18 Chain Barding Armor
28:30 Bloodlines
28:22 Husbandry
29:14 Iron Casting
30:04 Ballistics
30:31 Heavy Plow
40:00 Imperial Age
42:10 Blast Furnace
41:47 Plate Barding Armor
曾经沧海难为水
14:02 Feudal Age
12:17 Loom
14:02 Feudal Age
18:23 Castle Age
17:29 Loom
17:31 Double-Bit Axe
24:02 Fletching
小生怕怕
8:41 Loom
12:03 Feudal Age
13:52 Fletching
15:33 Town Watch
22:58 Castle Age
22:59 Crossbowman
23:39 Double-Bit Axe
oy
4:18 Loom
13:31 Feudal Age
17:13 Castle Age
17:32 Double-Bit Axe
18:41 Bow Saw
20:53 Fletching
23:09 Padded Archer Armor
25:55 Ballistics
27:45 Bodkin Arrow
29:49 Horse Collar
31:47 Wheelbarrow
32:29 Heavy Plow
37:28 Imperial Age
35:26 Leather Archer Armor
36:37 Hand Cart
38:49 Conscription
38:31 Husbandry
38:51 Bloodlines
38:31 Town Watch
39:50 Thumb Ring
39:52 Gold Mining
41:15 Gold Shaft Mining
41:15 Town Patrol
Connection lost

Rejoining the realm…

Still unreachable

The connection could not be restored.

Session expired

The server has moved on; the page needs a fresh start.